BSA
KENILWORTH ACES @ NEW YORK KNIGHTS
03/19/2029
 
TOP OF THE 1ST
Plymouth Rocks batting - Pitching for New York Knights : LHP Phil Davis
Pitching: LHP Phil Davis
Batting: LHB Barrett Waters 0-0: Ball
1-0: Fly out, F7 (Flyball, 7LSF)
Batting: RHB Jorge Jiménez 0-0: Ball
1-0: Foul Ball, location: 2F
1-1: Ground out 6-3 (Groundball, 6)
Batting: SHB Julián Madrid 0-0: Called Strike
0-1: Foul Ball, location: 2F
0-2: Foul Ball, location: 2F
0-2: Ground out 1-3 (Groundball, 13S)
Top of the 1st over - 0 runs, 0 hits, 0 errors, 0 left on base; Plymouth 0 - New York 0
BOTTOM OF THE 1ST
New York Knights batting - Pitching for Plymouth Rocks : LHP Dave Smeddon
Pitching: LHP Dave Smeddon
Batting: LHB Warren Potter 0-0: SINGLE (Line Drive, 4M)
Batting: RHB Ron Shelton 0-0: Called Strike
0-1: Ball
1-1: Ball
2-1: Ground out 5-3 (Groundball, 56S)
Warren Potter to second
Batting: RHB Lonnie Anderson 0-0: Ball
1-0: Ball
2-0: Swinging Strike
2-1: Ground out 4-3 (Groundball, 4)
Warren Potter to third
Batting: RHB Vic Langlois 0-0: Ball
1-0: Ground out 5-3 (Groundball, 56)
Bottom of the 1st over - 0 runs, 1 hit, 0 errors, 1 left on base; Plymouth 0 - New York 0
TOP OF THE 2ND
Plymouth Rocks batting - Pitching for New York Knights : LHP Phil Davis
Batting: RHB Andrés Lara 0-0: Called Strike
0-1: Ball
1-1: SOLO HOME RUN (Flyball, 7D), Distance : 373 ft
Batting: RHB Luis Sánchez 0-0: Ball
1-0: Ball
2-0: Ground out 5-3 (Groundball, 56)
Batting: LHB Roger Moore 0-0: Fly out, F8 (Flyball, 8RXD)
Batting: RHB Taylor McFarland 0-0: Ball
1-0: Ground out 5-3 (Groundball, 56)
Top of the 2nd over - 1 run, 1 hit, 0 errors, 0 left on base; Plymouth 1 - New York 0
BOTTOM OF THE 2ND
New York Knights batting - Pitching for Plymouth Rocks : LHP Dave Smeddon
Batting: RHB Pepe Carrasco 0-0: Ball
1-0: Fly out, F7 (Flyball, 7LSF)
Batting: RHB Felipe Rodríguez 0-0: Ball
1-0: Ball
2-0: Ball
3-0: Called Strike
3-1: Base on Balls
Batting: RHB Steve Sampson 0-0: Called Strike
0-1: Fly out, F8 (Flyball, 8RM)
Batting: RHB Jacob Pope 0-0: Fly out, F9 (Flyball, 9LD)
Bottom of the 2nd over - 0 runs, 0 hits, 0 errors, 1 left on base; Plymouth 1 - New York 0
TOP OF THE 3RD
Plymouth Rocks batting - Pitching for New York Knights : LHP Phil Davis
Batting: RHB Gary Thomas 0-0: Fly out, F9 (Flyball, 9)
Batting: LHB Pedro Díaz 0-0: SINGLE (Flyball, 8RS)
Batting: LHB Barrett Waters 0-0: Swinging Strike
0-1: Ball
1-1: Called Strike
1-2: Fly out, F9 (Flyball, 9)
Batting: RHB Jorge Jiménez 0-0: Fly out, F9 (Flyball, 9LM)
Top of the 3rd over - 0 runs, 1 hit, 0 errors, 1 left on base; Plymouth 1 - New York 0
BOTTOM OF THE 3RD
New York Knights batting - Pitching for Plymouth Rocks : LHP Dave Smeddon
Batting: LHB Arthur Hall 0-0: Called Strike
0-1: Ground out 1-3 (Groundball, 13S)
Batting: LHB Warren Potter 0-0: Ball
1-0: Ball
2-0: Called Strike
2-1: Ball
3-1: Called Strike
3-2: Base on Balls
Batting: RHB Ron Shelton 0-0: Ball
1-0: Foul Ball, location: 2F
1-1: Fielders Choice at 2nd, 1-6 (Groundball, 13S)
Batting: RHB Lonnie Anderson 0-0: Ball
1-0: Called Strike
1-1: Ball
2-1: Ball
3-1: Called Strike
3-2: Fly out, F7 (Flyball, 7)
Bottom of the 3rd over - 0 runs, 0 hits, 0 errors, 1 left on base; Plymouth 1 - New York 0
TOP OF THE 4TH
Plymouth Rocks batting - Pitching for New York Knights : LHP Phil Davis
Batting: SHB Julián Madrid 0-0: Swinging Strike
0-1: Swinging Strike
0-2: Strikes out swinging
Batting: RHB Andrés Lara 0-0: Foul Ball, location: 2F
0-1: Fly out, F8 (Flyball, 89XD)
Batting: RHB Luis Sánchez 0-0: Ball
1-0: Ball
2-0: Called Strike
2-1: Foul Ball, location: 2F
2-2: SOLO HOME RUN (Flyball, 7D), Distance : 383 ft
Batting: LHB Roger Moore 0-0: Ball
1-0: Called Strike
1-1: Ball
2-1: Foul Ball, location: 2F
2-2: Ground out 4-3 (Groundball, 4)
Top of the 4th over - 1 run, 1 hit, 0 errors, 0 left on base; Plymouth 2 - New York 0
BOTTOM OF THE 4TH
New York Knights batting - Pitching for Plymouth Rocks : LHP Dave Smeddon
Batting: RHB Vic Langlois 0-0: Called Strike
0-1: Foul Ball, location: 2F
0-2: Ball
1-2: Strikes out looking
Batting: RHB Pepe Carrasco 0-0: Called Strike
0-1: Called Strike
0-2: Ball
1-2: SINGLE (Line Drive, 7LS)
Batting: RHB Felipe Rodríguez 0-0: Ball
1-0: Called Strike
1-1: Ball
2-1: Called Strike
2-2: Strikes out looking
Batting: RHB Steve Sampson 0-0: Foul Ball, location: 2F
0-1: Ground out 3-1 (Groundball, 34S)
Bottom of the 4th over - 0 runs, 1 hit, 0 errors, 1 left on base; Plymouth 2 - New York 0
TOP OF THE 5TH
Plymouth Rocks batting - Pitching for New York Knights : LHP Phil Davis
Pitching: RHP Nathan Seymour
Batting: RHB Taylor McFarland 0-0: Called Strike
0-1: Swinging Strike
0-2: Ball
1-2: Strikes out swinging
Batting: RHB Gary Thomas 0-0: Called Strike
0-1: Ball
1-1: Foul Ball, location: 2F
1-2: Ball
2-2: Strikes out looking
Batting: LHB Pedro Díaz 0-0: Called Strike
0-1: Hit by Pitch
Batting: LHB Barrett Waters 0-0: SINGLE (Line Drive, 78S)
Pedro Díaz to second
Batting: RHB Jorge Jiménez 0-0: Ball
1-0: Ball
2-0: Ball
3-0: Base on Balls
Pedro Díaz to third
Barrett Waters to second
Batting: SHB Julián Madrid 0-0: Called Strike
0-1: Ball
1-1: Foul Ball, location: 2F
1-2: Fly out, F8 (Flyball, 8RM)
Top of the 5th over - 0 runs, 1 hit, 0 errors, 3 left on base; Plymouth 2 - New York 0
BOTTOM OF THE 5TH
New York Knights batting - Pitching for Plymouth Rocks : LHP Dave Smeddon
Pitching: RHP Chris Smith
Batting: RHB Jacob Pope 0-0: Ball
1-0: Called Strike
1-1: Called Strike
1-2: Foul Ball, location: 2F
1-2: Fly out, F7 (Flyball, 7LSF)
Batting: LHB Arthur Hall 0-0: Ball
1-0: Ball
2-0: Ball
3-0: Base on Balls
Batting: LHB Warren Potter 0-0: Ball
1-0: Called Strike
1-1: Grounds into double play, 5-4-3 (Groundball, 5L)
Bottom of the 5th over - 0 runs, 0 hits, 0 errors, 0 left on base; Plymouth 2 - New York 0
TOP OF THE 6TH
Plymouth Rocks batting - Pitching for New York Knights : RHP Nathan Seymour
Batting: RHB Andrés Lara 0-0: SINGLE (Line Drive, 56D)
Batting: RHB Luis Sánchez 0-0: Called Strike
0-1: Ball
1-1: Called Strike
1-2: Foul Ball, location: 2F
1-2: Foul Ball, location: 2F
1-2: 2-RUN HOME RUN (Flyball, 7LD), Distance : 368 ft
Pitching: RHP James Jones
Batting: LHB Roger Moore 0-0: Foul Ball, location: 2F
0-1: Ball
1-1: Called Strike
1-2: Ball
2-2: Ball
3-2: Strikes out swinging
Batting: RHB Taylor McFarland 0-0: SINGLE (Line Drive, 9S)
Batting: RHB Gary Thomas 0-0: Ball
1-0: Ball
2-0: Swinging Strike
2-1: Foul Ball, location: 2F
2-2: Strikes out swinging
Batting: LHB Pedro Díaz 0-0: Foul Ball, location: 2F
0-1: Foul Ball, location: 2F
0-2: Strikes out looking
Top of the 6th over - 2 runs, 3 hits, 0 errors, 1 left on base; Plymouth 4 - New York 0
BOTTOM OF THE 6TH
New York Knights batting - Pitching for Plymouth Rocks : RHP Chris Smith
Batting: RHB Ron Shelton 0-0: Called Strike
0-1: Ball
1-1: Foul Ball, location: 2F
1-2: Foul Ball, location: 2F
1-2: Fly out, F6 (Line Drive, 6M)
Batting: RHB Lonnie Anderson 0-0: Ball
1-0: Foul Ball, location: 2F
1-1: Ball
2-1: Called Strike
2-2: Ball
3-2: Base on Balls
Batting: RHB Vic Langlois 0-0: Called Strike
0-1: Ball
1-1: Ball
2-1: Ball
3-1: SINGLE (Flyball, 3D)
Lonnie Anderson to second
Runner from 2nd tries for 3rd, OUT!
Batting: RHB Pepe Carrasco 0-0: Ball
1-0: Called Strike
1-1: Fly out, F8 (Flyball, 89XD)
Bottom of the 6th over - 0 runs, 1 hit, 0 errors, 1 left on base; Plymouth 4 - New York 0
TOP OF THE 7TH
Plymouth Rocks batting - Pitching for New York Knights : RHP James Jones
Pinch Hitting: LHB Roy Patrick 0-0: Called Strike
0-1: Swinging Strike
0-2: Ball
1-2: Strikes out swinging
Pinch Hitting: LHB Roberto García 0-0: Called Strike
0-1: Swinging Strike
0-2: Ball
1-2: Ball
2-2: Fly out, F6 (Popup, 6MS)
Batting: SHB Julián Madrid 0-0: Called Strike
0-1: Ball
1-1: Swinging Strike
1-2: Fly out, F2 (Popup, 25F)
Top of the 7th over - 0 runs, 0 hits, 0 errors, 0 left on base; Plymouth 4 - New York 0
BOTTOM OF THE 7TH
New York Knights batting - Pitching for Plymouth Rocks : RHP Chris Smith
Now at 1B: Roberto García
Now in CF: Roy Patrick
Batting: RHB Felipe Rodríguez 0-0: Ball
1-0: Foul Ball, location: 2F
1-1: Ball
2-1: Foul Ball, location: 2F
2-2: Foul Ball, location: 2F
2-2: Foul Ball, location: 2F
2-2: Ball
3-2: Foul Ball, location: 2F
3-2: SINGLE (Groundball, 4MD)
Batting: RHB Steve Sampson 0-0: Ball
1-0: Called Strike
1-1: Ball
2-1: Fly out, F7 (Flyball, 7LSF)
Batting: RHB Jacob Pope 0-0: Ball
1-0: Ball
2-0: Grounds into double play, 6-4-3 (Groundball, 6)
Bottom of the 7th over - 0 runs, 1 hit, 0 errors, 0 left on base; Plymouth 4 - New York 0
TOP OF THE 8TH
Plymouth Rocks batting - Pitching for New York Knights : RHP James Jones
Pinch Hitting: LHB Sean Nicks 0-0: Ball
1-0: Ball
2-0: Fly out, F9 (Flyball, 89S)
Batting: LHB Luis Villa 0-0: Ball
1-0: SOLO HOME RUN (Flyball, 9D), Distance : 386 ft
Pinch Hitting: LHB Jim Jensen 0-0: Swinging Strike
0-1: Foul Ball, location: 2F
0-2: Ground out 5-3 (Groundball, 56)
Pinch Hitting: LHB Claudio Rodríguez 0-0: Called Strike
0-1: Ground out 4-3 (Groundball, 4)
Top of the 8th over - 1 run, 1 hit, 0 errors, 0 left on base; Plymouth 5 - New York 0
BOTTOM OF THE 8TH
New York Knights batting - Pitching for Plymouth Rocks : RHP Chris Smith
Now at SS: Jim Jensen
Now in LF: Wilbert Rodgers
Now in RF: Nathan Taylor
Batting: LHB Arthur Hall 0-0: Called Strike
0-1: Ball
1-1: SOLO HOME RUN (Flyball, 9D), Distance : 386 ft
Pinch Hitting: LHB Marcos Pérez 0-0: Called Strike
0-1: Called Strike
0-2: Foul Ball, location: 2F
0-2: Ball
1-2: Foul Ball, location: 2F
1-2: Foul Ball, location: 2F
1-2: Ball
2-2: SINGLE (Line Drive, 4)
Pitching: RHP Frank Martin
Batting: LHB Dan Hamilton 0-0: Fielders Choice at 2nd, 6-4 (Groundball, 6)
Pinch Hitting: LHB Richard Olvera 0-0: Called Strike
0-1: Ball
1-1: Grounds into double play, 4-6-3 (Groundball, 4)
Bottom of the 8th over - 1 run, 2 hits, 0 errors, 0 left on base; Plymouth 5 - New York 1
TOP OF THE 9TH
Plymouth Rocks batting - Pitching for New York Knights : RHP James Jones
Now at 2B: Robert Downing
Now in RF: Marcos Pérez
Pinch Hitting: RHB Hollis Wood 0-0: Ball
1-0: Ball
2-0: Ball
3-0: Base on Balls
Pinch Hitting: LHB Dave Gray 0-0: Sac Bunt - play at first, batter OUT! 1-3
Hollis Wood to second
Batting: LHB Roy Patrick 0-0: Swinging Strike
0-1: Foul Ball, location: 2F
0-2: Ball
1-2: 2-RUN HOME RUN (Flyball, 9LD), Distance : 353 ft
Batting: LHB Roberto García 0-0: Ball
1-0: Ball
2-0: Ball
3-0: Base on Balls
Pitching: LHP Henny van der Lack
Pinch Hitting: RHB António Gonzáles 0-0: Reached on error, E4 (Groundball, 4)
Roberto García to second
Batting: RHB Wilbert Rodgers 0-0: Foul Ball, location: 2F
0-1: Ball
1-1: Ball
2-1: Foul Ball, location: 2F
2-2: Ground out 5-3 (Groundball, 56S)
Roberto García to third
António Gonzáles to second
Batting: LHB Luis Villa 0-0: Ball
1-0: Fly out, F7 (Flyball, 7S)
Top of the 9th over - 2 runs, 1 hit, 1 error, 2 left on base; Plymouth 7 - New York 1
BOTTOM OF THE 9TH
New York Knights batting - Pitching for Plymouth Rocks : RHP Frank Martin
Now at C: Hollis Wood
Now at 3B: António Gonzáles
Now at SS: Dave Gray
Pinch Hitting: RHB Richie Miller 0-0: Fly out, F8 (Flyball, 8RXD)
Pinch Hitting: LHB José Peralta 0-0: Ball
1-0: Ball
2-0: Fly out, F8 (Flyball, 8LD)
Pinch Hitting: LHB Frank Young 0-0: Called Strike
0-1: Ball
1-1: Swinging Strike
1-2: Ground out 1-3 (Groundball, 13S)
Bottom of the 9th over - 0 runs, 0 hits, 0 errors, 0 left on base; Plymouth 7 - New York 1
Saturday, December 16th, 2017 - OOTP Baseball 18.8 Build 76